| TOP OF THE 1ST |
|
Chester Pirates batting - Pitching for Trois-Riveres Aigles : RHP Jason Cheek
|
|
Pitching: RHP Jason Cheek
|
|
|
Batting: RHB Terrence Wilson
|
0-0: Ball 1-0: Ground out 5-3 (Groundball, 56, EV 108.1 MPH)
|
|
Batting: RHB Tim Moore
|
0-0: Called Strike 0-1: Swinging Strike 0-2: Ball 1-2: Reached on error, E8 (Flyball, 8LM, EV 92.5 MPH)
|
|
Batting: RHB Brandon White
|
0-0: Called Strike 0-1: Swinging Strike 0-2: Foul Ball, location: 2F 0-2: Ball 1-2: Foul Ball, location: 2F 1-2: Ball 2-2: Ball 3-2: Base on Balls Tim Moore to second
|
|
Batting: LHB Carlos Vega
|
0-0: Called Strike 0-1: Ball 1-1: Fly out, F7 (Flyball, 7D, EV 95.0 MPH) Runner from 2nd tags up, SAFE at 3rd, no throw by LF
|
|
Batting: RHB Zach Chmieleski
|
0-0: Ball 1-0: Ball 2-0: 3-RUN HOME RUN (Flyball, 8RXD, EV 111.2 MPH), Distance : 466 ft
|
|
Batting: LHB Dustin Herman
|
0-0: Ball 1-0: Foul Ball, location: 2F 1-1: Foul Ball, location: 2F 1-2: Ball 2-2: Ball 3-2: Base on Balls
|
|
Batting: SHB Don Hauk
|
0-0: Ball 1-0: Ball 2-0: SINGLE (Line Drive, 56D, EV 95.6 MPH) Dustin Herman to second
|
|
Batting: RHB Frank Elizondo
|
0-0: Foul Ball, location: 2F 0-1: Ball 1-1: SINGLE (Line Drive, 8LS, EV 100.6 MPH) Dustin Herman to third Don Hauk to second Runner from 3rd tries for Home, SAFE, throw by CF to home
|
|
Batting: RHB Erik Mulligan
|
0-0: Ball 1-0: Swinging Strike 1-1: Ball 2-1: Foul Ball, location: 2F 2-2: Fly out, F1 (Popup, 15, EV 88.1 MPH)
|
| Top of the 1st over - 4 runs, 3 hits, 1 error, 2 left on base; Chester 4 - Trois-Riveres 0 |
| BOTTOM OF THE 1ST |
|
Trois-Riveres Aigles batting - Pitching for Chester Pirates : RHP Eric Bourque
|
|
Pitching: RHP Eric Bourque
|
|
|
Batting: LHB Jonathan Spino
|
0-0: Foul Ball, location: 2F 0-1: Ball 1-1: Foul Ball, location: 2F 1-2: SINGLE (Line Drive, 89S, EV 93.1 MPH)
|
|
Batting: RHB Sesto Carpini
|
0-0: SINGLE (Groundball, 3D, EV 98.8 MPH) Jonathan Spino to second Throwing error, E9 Jonathan Spino scores Sesto Carpini to second
|
|
Batting: LHB Darryl Gonnella
|
0-0: Called Strike 0-1: Ball 1-1: SINGLE (Line Drive, 34D, EV 105.0 MPH) Sesto Carpini to third Runner from 3rd tries for Home, SAFE, throw by RF to home
|
|
Batting: LHB Harris Vink
|
0-0: Ball 1-0: Ball 2-0: Called Strike 2-1: Ball 3-1: Base on Balls Darryl Gonnella to second
|
|
Batting: RHB Jose Arriola
|
0-0: Called Strike 0-1: Ball 1-1: Ball 2-1: Fly out, F5 (Popup, 25F, EV 93.8 MPH)
|
|
Batting: SHB Joshua Jackson
|
0-0: Called Strike 0-1: Called Strike Darryl Gonnella steals 3rd base Harris Vink to second 0-2: Strikes out swinging
|
|
Batting: RHB Nelle Lommen
|
0-0: Ball 1-0: Ball 2-0: Swinging Strike 2-1: Called Strike 2-2: Ball 3-2: Strikes out swinging
|
| Bottom of the 1st over - 2 runs, 3 hits, 1 error, 2 left on base; Chester 4 - Trois-Riveres 2 |
| TOP OF THE 2ND |
|
Chester Pirates batting - Pitching for Trois-Riveres Aigles : RHP Jason Cheek
|
|
Batting: RHB Terrence Wilson
|
0-0: Ground out 6-3 (Groundball, 6, EV 80.6 MPH)
|
|
Batting: RHB Tim Moore
|
0-0: Foul Ball, location: 2F 0-1: Swinging Strike 0-2: Ball 1-2: Ball 2-2: Ball 3-2: Base on Balls
|
|
Batting: RHB Brandon White
|
0-0: Ball 1-0: SINGLE (Line Drive, 4MD, EV 102.5 MPH) Tim Moore to second
|
|
Batting: LHB Carlos Vega
|
0-0: Swinging Strike 0-1: SINGLE (Groundball, 56D, EV 100.6 MPH) Tim Moore to third Brandon White to second Runner from 3rd tries for Home, throw by LF and OUT! 7-2
|
|
Batting: RHB Zach Chmieleski
|
0-0: Ball 1-0: Called Strike 1-1: Ground out 4-3 (Groundball, 4, EV 86.2 MPH)
|
| Top of the 2nd over - 0 runs, 2 hits, 0 errors, 2 left on base; Chester 4 - Trois-Riveres 2 |
| BOTTOM OF THE 2ND |
|
Trois-Riveres Aigles batting - Pitching for Chester Pirates : RHP Eric Bourque
|
|
Batting: RHB Jason Penfield
|
0-0: Called Strike 0-1: Swinging Strike 0-2: Ball 1-2: Strikes out looking
|
|
Batting: RHB Josh Harmon
|
0-0: Ball 1-0: Called Strike 1-1: Ball 2-1: Ball 3-1: Foul Ball, location: 2F 3-2: Foul Ball, location: 2F 3-2: Foul Ball, location: 2F 3-2: Strikes out swinging
|
|
Batting: LHB Jonathan Spino
|
0-0: Ball 1-0: Foul Ball, location: 2F 1-1: Ball 2-1: Foul Ball, location: 2F 2-2: Foul Ball, location: 2F 2-2: Ball 3-2: Foul Ball, location: 2F 3-2: Ground out 4-3 (Groundball, 4, EV 78.8 MPH)
|
| Bottom of the 2nd over - 0 runs, 0 hits, 0 errors, 0 left on base; Chester 4 - Trois-Riveres 2 |
| TOP OF THE 3RD |
|
Chester Pirates batting - Pitching for Trois-Riveres Aigles : RHP Jason Cheek
|
|
Batting: LHB Dustin Herman
|
0-0: Ball 1-0: Fly out, F6 (Popup, 6M, EV 53.8 MPH)
|
|
Batting: SHB Don Hauk
|
0-0: Ball 1-0: Called Strike 1-1: Ball 2-1: Foul Ball, location: 2F 2-2: Ball 3-2: Base on Balls
|
|
Batting: RHB Frank Elizondo
|
0-0: Ball 1-0: Ball 2-0: Ball 3-0: Base on Balls Don Hauk to second
|
|
Batting: RHB Erik Mulligan
|
0-0: Foul Ball, location: 2F 0-1: Foul Ball, location: 2F 0-2: Ball 1-2: Ball 2-2: Ball 3-2: SINGLE (Line Drive, 8LS, EV 95.6 MPH) Don Hauk to third Frank Elizondo to second Runner from 3rd tries for Home, SAFE, throw by CF to home
|
|
Batting: RHB Terrence Wilson
|
0-0: Foul Ball, location: 2F 0-1: Called Strike 0-2: Ball 1-2: Strikes out looking
|
|
Batting: RHB Tim Moore
|
0-0: Ball 1-0: Fly out, F9 (Flyball, 9D, EV 93.1 MPH)
|
| Top of the 3rd over - 1 run, 1 hit, 0 errors, 2 left on base; Chester 5 - Trois-Riveres 2 |
| BOTTOM OF THE 3RD |
|
Trois-Riveres Aigles batting - Pitching for Chester Pirates : RHP Eric Bourque
|
|
Batting: RHB Sesto Carpini
|
0-0: Foul Ball, location: 2F 0-1: Ball 1-1: Ball 2-1: Ball 3-1: SINGLE (Groundball, 6M, EV 106.9 MPH)
|
|
Batting: LHB Darryl Gonnella
|
0-0: Ball 1-0: Ball 2-0: Called Strike 2-1: 2-RUN HOME RUN (Flyball, 89XD, EV 115.0 MPH), Distance : 444 ft
|
|
Batting: LHB Harris Vink
|
0-0: Ball 1-0: Called Strike 1-1: Foul Ball, location: 2F 1-2: Strikes out swinging
|
|
Batting: RHB Jose Arriola
|
0-0: Called Strike 0-1: Called Strike 0-2: Ball 1-2: Strikes out swinging
|
|
Batting: SHB Joshua Jackson
|
0-0: Called Strike 0-1: Ball 1-1: DOUBLE (Line Drive, 7LM, EV 108.8 MPH)
|
|
Batting: RHB Nelle Lommen
|
0-0: Foul Ball, location: 2F 0-1: Ball 1-1: Fly out, F8 (Flyball, 89M, EV 95.0 MPH)
|
| Bottom of the 3rd over - 2 runs, 3 hits, 0 errors, 1 left on base; Chester 5 - Trois-Riveres 4 |
| TOP OF THE 4TH |
|
Chester Pirates batting - Pitching for Trois-Riveres Aigles : RHP Jason Cheek
|
|
Batting: RHB Brandon White
|
0-0: Called Strike 0-1: Ball 1-1: Ball 2-1: SOLO HOME RUN (Flyball, 7LD, EV 93.1 MPH), Distance : 356 ft
|
|
Batting: LHB Carlos Vega
|
0-0: Called Strike 0-1: Ball 1-1: Ball 2-1: Ball 3-1: Foul Ball, location: 2F 3-2: Foul Ball, location: 2F 3-2: Foul Ball, location: 2F 3-2: Foul Ball, location: 2F 3-2: Base on Balls
|
|
Batting: RHB Zach Chmieleski
|
0-0: Ball 1-0: Ball 2-0: Called Strike 2-1: Foul Ball, location: 2F 2-2: Fly out, F9 (Line Drive, 9D, EV 95.0 MPH)
|
|
Batting: LHB Dustin Herman
|
0-0: Swinging Strike 0-1: Ball 1-1: Called Strike 1-2: Strikes out looking
|
|
Batting: SHB Don Hauk
|
0-0: Called Strike 0-1: Foul Ball, location: 2F 0-2: Ball 1-2: Ball 2-2: Foul Ball, location: 2F 2-2: Ball 3-2: Ground out 3-1 (Groundball, 3L, EV 101.9 MPH)
|
| Top of the 4th over - 1 run, 1 hit, 0 errors, 1 left on base; Chester 6 - Trois-Riveres 4 |
| BOTTOM OF THE 4TH |
|
Trois-Riveres Aigles batting - Pitching for Chester Pirates : RHP Eric Bourque
|
|
Batting: RHB Jason Penfield
|
0-0: Ball 1-0: Foul Ball, location: 2F 1-1: Fly out, F8 (Flyball, 8RXD, EV 81.2 MPH)
|
|
Batting: RHB Josh Harmon
|
0-0: Ball 1-0: Ball 2-0: Ball 3-0: Base on Balls
|
|
Batting: LHB Jonathan Spino
|
0-0: Foul Ball, location: 2F 0-1: Ball 1-1: Fly out, F5 (Popup, 56S, EV 65.6 MPH)
|
|
Batting: RHB Sesto Carpini
|
0-0: Swinging Strike 0-1: Ball 1-1: Ball 2-1: SINGLE (Groundball, 6D, EV 110.0 MPH) Josh Harmon to second
|
|
Batting: LHB Darryl Gonnella
|
0-0: Called Strike 0-1: SINGLE (Flyball, 78S, EV 93.1 MPH) Josh Harmon to third Sesto Carpini to second Runner from 3rd tries for Home, throw by LF and OUT! 7-2
|
| Bottom of the 4th over - 0 runs, 2 hits, 0 errors, 2 left on base; Chester 6 - Trois-Riveres 4 |
| TOP OF THE 5TH |
|
Chester Pirates batting - Pitching for Trois-Riveres Aigles : RHP Jason Cheek
|
|
Batting: RHB Frank Elizondo
|
0-0: Ball 1-0: Ground out 6-3 (Groundball, 6, EV 85.0 MPH)
|
|
Batting: RHB Erik Mulligan
|
0-0: Called Strike 0-1: Called Strike 0-2: Fly out, F9 (Flyball, 9LS, EV 87.5 MPH)
|
|
Batting: RHB Terrence Wilson
|
0-0: Ball 1-0: Fly out, F9 (Flyball, 9LM, EV 84.4 MPH)
|
| Top of the 5th over - 0 runs, 0 hits, 0 errors, 0 left on base; Chester 6 - Trois-Riveres 4 |
| BOTTOM OF THE 5TH |
|
Trois-Riveres Aigles batting - Pitching for Chester Pirates : RHP Eric Bourque
|
|
Batting: LHB Harris Vink
|
0-0: Called Strike 0-1: Ball 1-1: Called Strike 1-2: Foul Ball, location: 2F 1-2: Ball 2-2: Ground out 4-3 (Groundball, 4M, EV 105.0 MPH)
|
|
Batting: RHB Jose Arriola
|
0-0: SOLO HOME RUN (Flyball, 7LD, EV 97.5 MPH), Distance : 361 ft
|
|
Pitching: RHP Fred McIlrath
|
|
|
Batting: SHB Joshua Jackson
|
0-0: Ball 1-0: Fly out, F9 (Line Drive, 9D, EV 105.6 MPH)
|
|
Batting: RHB Nelle Lommen
|
0-0: SINGLE (Groundball, 34D, EV 105.6 MPH)
|
|
Batting: RHB Jason Penfield
|
0-0: Called Strike 0-1: Swinging Strike 0-2: Ball 1-2: Ball 2-2: Foul Ball, location: 2F 2-2: Ball 3-2: Foul Ball, location: 2F 3-2: Base on Balls Nelle Lommen to second
|
|
Batting: RHB Josh Harmon
|
0-0: Ball 1-0: Foul Ball, location: 2F 1-1: Called Strike 1-2: Ball 2-2: Strikes out swinging
|
| Bottom of the 5th over - 1 run, 2 hits, 0 errors, 2 left on base; Chester 6 - Trois-Riveres 5 |
| TOP OF THE 6TH |
|
Chester Pirates batting - Pitching for Trois-Riveres Aigles : RHP Jason Cheek
|
|
Batting: RHB Tim Moore
|
0-0: Ball 1-0: Fly out, F9 (Flyball, 9LS, EV 93.8 MPH)
|
|
Batting: RHB Brandon White
|
0-0: Fly out, F7 (Flyball, 7, EV 88.1 MPH)
|
|
Batting: LHB Carlos Vega
|
0-0: Called Strike 0-1: Called Strike 0-2: Ball 1-2: Ball 2-2: Foul Ball, location: 2F 2-2: Ball 3-2: Foul Ball, location: 2F 3-2: Foul Ball, location: 2F 3-2: SINGLE (Flyball, 56D, EV 81.9 MPH)
|
|
Pitching: LHP Micah Adams
|
|
|
Batting: RHB Zach Chmieleski
|
0-0: Called Strike 0-1: Swinging Strike 0-2: Foul Ball, location: 2F 0-2: Ball 1-2: Hit by Pitch Carlos Vega to second
|
|
Batting: LHB Dustin Herman
|
0-0: Called Strike 0-1: Ball 1-1: Foul Ball, location: 2F 1-2: Ball 2-2: Ball 3-2: Strikes out swinging
|
| Top of the 6th over - 0 runs, 1 hit, 0 errors, 2 left on base; Chester 6 - Trois-Riveres 5 |
| BOTTOM OF THE 6TH |
|
Trois-Riveres Aigles batting - Pitching for Chester Pirates : RHP Fred McIlrath
|
|
Batting: LHB Jonathan Spino
|
0-0: Called Strike 0-1: Fly out, F9 (Flyball, 9D, EV 99.4 MPH)
|
|
Pinch Hitting: SHB Ray Luna
|
0-0: Ball 1-0: Foul Ball, location: 2F 1-1: Ball 2-1: Foul Ball, location: 2F 2-2: Foul Ball, location: 2F 2-2: Strikes out swinging
|
|
Pitching: RHP Tony Ortiz
|
|
|
Batting: LHB Darryl Gonnella
|
0-0: Called Strike 0-1: Ball 1-1: Ball 2-1: Ball 3-1: Foul Ball, location: 2F 3-2: Foul Ball, location: 2F 3-2: Fly out, F8 (Flyball, 8LD, EV 98.8 MPH)
|
| Bottom of the 6th over - 0 runs, 0 hits, 0 errors, 0 left on base; Chester 6 - Trois-Riveres 5 |
| TOP OF THE 7TH |
|
Chester Pirates batting - Pitching for Trois-Riveres Aigles : LHP Micah Adams
|
|
Pitching: LHP Tim Pulliam
|
|
|
Now at SS: John Downing
|
|
|
Batting: SHB Don Hauk
|
0-0: Ball 1-0: Called Strike 1-1: Swinging Strike 1-2: Ball 2-2: Ball 3-2: Strikes out looking
|
|
Batting: RHB Frank Elizondo
|
0-0: Called Strike 0-1: Foul Ball, location: 2F 0-2: Ball 1-2: Foul Ball, location: 2F 1-2: Ball 2-2: Strikes out looking
|
|
Batting: RHB Erik Mulligan
|
0-0: SINGLE (Line Drive, 56D, EV 95.6 MPH)
|
|
Batting: RHB Terrence Wilson
|
0-0: Ball 1-0: Foul Ball, location: 2F 1-1: Swinging Strike 1-2: Ball 2-2: Ball 3-2: Strikes out looking
|
| Top of the 7th over - 0 runs, 1 hit, 0 errors, 1 left on base; Chester 6 - Trois-Riveres 5 |
| BOTTOM OF THE 7TH |
|
Trois-Riveres Aigles batting - Pitching for Chester Pirates : RHP Tony Ortiz
|
|
Batting: LHB Harris Vink
|
0-0: Swinging Strike 0-1: Foul Ball, location: 2F 0-2: Ball 1-2: Strikes out swinging
|
|
Pinch Hitting: SHB Berthold Frey
|
0-0: Called Strike 0-1: Foul Ball, location: 2F 0-2: Ball 1-2: Ball 2-2: Strikes out swinging
|
|
Batting: SHB Joshua Jackson
|
0-0: Ball 1-0: Ball 2-0: Called Strike 2-1: Foul Ball, location: 2F 2-2: Strikes out looking
|
| Bottom of the 7th over - 0 runs, 0 hits, 0 errors, 0 left on base; Chester 6 - Trois-Riveres 5 |
| TOP OF THE 8TH |
|
Chester Pirates batting - Pitching for Trois-Riveres Aigles : LHP Tim Pulliam
|
|
Pitching: RHP Jaylin Green
|
|
|
Now at 1B: Rocky Crowley
|
|
|
Batting: RHB Tim Moore
|
0-0: Called Strike 0-1: Swinging Strike 0-2: Strikes out swinging
|
|
Batting: RHB Brandon White
|
0-0: Foul Ball, location: 2F 0-1: Called Strike 0-2: Fly out, F8 (Flyball, 8RD, EV 98.1 MPH)
|
|
Batting: LHB Carlos Vega
|
0-0: Fly out, F7 (Flyball, 7D, EV 100.6 MPH)
|
| Top of the 8th over - 0 runs, 0 hits, 0 errors, 0 left on base; Chester 6 - Trois-Riveres 5 |
| BOTTOM OF THE 8TH |
|
Trois-Riveres Aigles batting - Pitching for Chester Pirates : RHP Tony Ortiz
|
|
Batting: RHB Nelle Lommen
|
0-0: Fly out, F4 (Flyball, 34D, EV 81.2 MPH)
|
|
Pinch Hitting: LHB Tony Zizumbo
|
0-0: Called Strike 0-1: Reached on error, E6 (Groundball, 56, EV 84.4 MPH)
|
|
Batting: LHB Oscar Curiel
|
0-0: Fielders Choice at 2nd, 4-6 (Groundball, 4, EV 81.9 MPH)
|
|
Pitching: RHP Serguei Rudakovsky
|
|
|
Batting: LHB Jonathan Spino
|
0-0: Called Strike 0-1: Called Strike 0-2: Strikes out swinging
|
| Bottom of the 8th over - 0 runs, 0 hits, 1 error, 1 left on base; Chester 6 - Trois-Riveres 5 |
| TOP OF THE 9TH |
|
Chester Pirates batting - Pitching for Trois-Riveres Aigles : RHP Jaylin Green
|
|
Now at 3B: Tony Zizumbo
|
|
|
Batting: RHB Zach Chmieleski
|
0-0: Ball 1-0: Called Strike 1-1: Swinging Strike 1-2: Ball 2-2: Foul Ball, location: 2F 2-2: Fly out, F8 (Flyball, 78D, EV 95.6 MPH)
|
|
Batting: LHB Dustin Herman
|
0-0: Foul Ball, location: 2F 0-1: SINGLE (Groundball, 4MD, EV 100.0 MPH)
|
|
Batting: SHB Don Hauk
|
0-0: Grounds into double play, 4-6-3 (Groundball, 4, EV 90.6 MPH)
|
| Top of the 9th over - 0 runs, 1 hit, 0 errors, 0 left on base; Chester 6 - Trois-Riveres 5 |
| BOTTOM OF THE 9TH |
|
Trois-Riveres Aigles batting - Pitching for Chester Pirates : RHP Serguei Rudakovsky
|
|
Pitching: RHP Steve Kane
|
|
|
Now in LF: Jeff Edwards
|
|
|
Batting: RHB John Downing
|
0-0: Foul Ball, location: 2F 0-1: Fly out, F9 (Flyball, 9LD, EV 88.1 MPH)
|
|
Batting: LHB Darryl Gonnella
|
0-0: Fly out, F1 (Line Drive, P, EV 75.6 MPH)
|
|
Batting: LHB Harris Vink
|
0-0: Ball 1-0: Foul Ball, location: 2F 1-1: Called Strike 1-2: Ball 2-2: Strikes out swinging
|
| Bottom of the 9th over - 0 runs, 0 hits, 0 errors, 0 left on base; Chester 6 - Trois-Riveres 5 |
|